 Dungeon Crawl Stone Soup version 0.27.1 (webtiles) character file.

Game seed: 14466451315375483884

757 Descartes the Covert (level 7, -13/31 HPs)
             Began as a Felid Delver on Sept 2, 2021.
             Mangled by tailblues's ghost (19 damage)
             ... on level 5 of the Dungeon.
             The game lasted 00:14:42 (7552 turns).

Descartes the Covert (Felid Delver)                 Turns: 7552, Time: 00:14:43

Health: -13/31     AC:  2    Str: 10    XL:     7   Next: 50%
Magic:  7/8        EV: 22    Int: 12    God:
Gold:   171        SH:  0    Dex: 17    Spells: 3/6 levels left
                                        Lives:  0   Deaths: 2

rFire    . . .     SeeInvis +     - Unarmed
rCold    . . .     Faith    .   (shield unavailable)
rNeg     . . .     Spirit   .   (armour unavailable)
rPois    .         Reflect  .   (helmet unavailable)
rElec    .         Harm     .   (cloak unavailable)
rCorr    .         Rampage  .   (gloves unavailable)
Will     +....                  (boots unavailable)
Stlth    +++++.....             k - amulet of magic regeneration
HPRegen  0.10/turn              (no ring)
MPRegen  0.36/turn              (no ring)

@: confusing by touch, quick
A: very small, claws 1, fangs 3, see invisible, speed 1, shaggy fur 2, stealthy
paws, no weapons or thrown items, no armour, multi-lived
a: no special abilities


You were on level 5 of the Dungeon.
You visited 1 branch of the dungeon, and saw 6 of its levels.

You collected 171 gold pieces.

Inventory:

Missiles
 n - 55 stones
Jewellery
 k - an amulet of magic regeneration (around neck)
Wands
 e - a wand of digging (3)
 i - a wand of flame (15)
Scrolls
 a - a scroll of fog
 b - a scroll of magic mapping
 c - a scroll of fear
 f - 8 scrolls of identify {unknown}
 j - a scroll of torment {unknown}
 l - a scroll of amnesia {unknown}
 o - a scroll of acquirement {unknown}
 s - a scroll of immolation {unknown}
Potions
 d - a potion of haste
 g - 2 potions of curing
 h - a potion of might
 m - 2 potions of degeneration {unknown}
 p - 2 potions of magic {unknown}
 q - a potion of ambrosia {unknown}
 r - a potion of flight {unknown}
 t - a potion of mutation {unknown}


   Skills:
 - Level 3.0 Fighting
 * Level 8.5 Dodging
 * Level 10.8 Stealth
 + Level 4.6 Unarmed Combat
 + Level 4.0 Hexes


You had 3 spell levels left.
You knew the following spells:

 Your Spells              Type           Power      Damage    Failure   Level
a - Confusing Touch       Hex            9%         N/A       19%         3

Your spell library contained the following spells:

 Spells                   Type           Power      Damage    Failure   Level
 Slow                     Hex            9%         N/A       10%         2
 Magic Dart               Conj           0%         1d3       32%         1
 Call Imp                 Summ           0%         N/A       45%         2
 Static Discharge         Conj/Air       0%         N/A       45%         2
 Mephitic Cloud           Conj/Pois/Air  0%         N/A       69%         3
 Vampiric Draining        Necr           0%         2d6       69%         3
 Animate Dead             Necr           0%         N/A       97%         4
 Borgnjor's Vile Clutch   Necr/Erth      0%         N/A       100%        5
 Lightning Bolt           Conj/Air       0%         1d11      100%        5
 Death Channel            Necr           0%         N/A       100%        6
 Maxwell's Capacitive Co  Air            0%         ∞         100%        8


Dungeon Overview and Level Annotations

Branches:
Dungeon (6/15)
 Temple: D:4-7

Altars:
Ashenzari
Cheibriados
Hepliaklqana
Kikubaaqudgha
Sif Muna
Xom
Yredelemnul
Zin

Shops:
D:2 (

Annotations:
D:5 tailblues's ghost, novice GnWn


Innate Abilities, Weirdness & Mutations

You have sharp claws.
You have razor-sharp teeth.
You have supernaturally acute eyesight. (SInv)
You cover ground quickly. (Speed+)
You are covered in thick fur. (AC +2)
Your paws help you pounce on unaware monsters.
You are incapable of wielding weapons or throwing items.
You cannot wear armour.
You gain extra lives every three experience levels.


Message History

Tailblues's ghost is heavily damaged.
You scratch tailblues's ghost.
Tailblues's ghost is severely damaged.
Tailblues's ghost seems less confused.
Tailblues's ghost hits you.
You scratch tailblues's ghost but do no damage.
Tailblues's ghost is severely damaged.
Tailblues's ghost barely misses you.
You scratch tailblues's ghost but do no damage.
Tailblues's ghost is severely damaged.
Tailblues's ghost completely misses you.
You barely miss tailblues's ghost.
Tailblues's ghost is severely damaged.
Tailblues's ghost hits you!
Tailblues's ghost completely misses you.
Tailblues's ghost closely misses you.
Tailblues's ghost gestures at you while chanting.
The zap hits you. Tailblues's ghost casts a spell at you. The zap hits you!
* * * LOW HITPOINT WARNING * * *
Casting: Confusing Touch (quite dangerous; 19% risk of failure)
Confirm with . or Enter, or press ? or * to list all spells.
The spell is quite dangerous to cast (19% risk of failure)!
Continue anyway?
Your paws begin to glow red.
You closely miss tailblues's ghost.
Tailblues's ghost is severely damaged.
Tailblues's ghost completely misses you.
You barely miss tailblues's ghost.
Tailblues's ghost is heavily damaged.
Tailblues's ghost completely misses you.
You scratch tailblues's ghost but do no damage.
Your bite misses tailblues's ghost.
Tailblues's ghost is heavily damaged.
Tailblues's ghost barely misses you.
You scratch tailblues's ghost but do no damage.
Your bite misses tailblues's ghost.
Tailblues's ghost is heavily damaged.
Tailblues's ghost hits you!!
Ouch! That really hurt!
You die...

†#.#.#....<...##......# #.#
.#.#.#.#.#######......# #.#
.#.#.#.....# #......# #.#
.#.#.###.#.# ########## #.#
.#.#'#...#.# #...# #.###
.#.#_#####.# #...# #....
.#.#'#...#.# #...# ######..##
'#.#.......###...#######....#..##
..>....)........@W..........'..##
).######.#####...###.#......#.###
..# #.# #......##.##..........
..# #.# #......##.##..####.###
### #.# #......##.##..#....###
########.###......##.##..........
..........[')........##.......###
########.###.........##.#.....# #
..# #.# #..........#.#.....# #


You could see tailblues's ghost (swift).

Vanquished Creatures
  A troll (D:5)
  Eustachio (D:5)
  A black bear (D:4)
  2 ogres
  A centaur (D:5)
  A phantom (D:5)
  2 scorpions
  A water moccasin skeleton (D:5)
  2 hounds (D:4)
  A bullfrog skeleton (D:5)
  3 iguanas
  Robin (D:2)
  5 adders
  5 gnolls
  A worm (D:4)
  2 dart slugs (D:3)
  7 orcs
  8 endoplasms
  3 giant cockroaches
  10 goblins
  14 hobgoblins
  3 jackals (D:1)
  2 quokkas
  8 ball pythons
  7 bats
  3 frilled lizards
  3 kobolds
  7 rats
105 creatures vanquished.

Vanquished Creatures (others)
  A giant cockroach (D:3)
1 creature vanquished.

Grand Total: 106 creatures vanquished

Notes
Turn   | Place    | Note
-------+----------+-------------------------------------------
     0 | D:5      | Descartes the Felid Delver began the quest for the Orb.
     0 | D:5      | Reached XP level 1. HP: 10/10 MP: 2/2
     7 | D:5      | Found a basalt altar of Yredelemnul.
    69 | D:5      | Reached skill level 7 in Stealth
    69 | D:5      | Reached XP level 2. HP: 14/14 MP: 3/3
    69 | D:5      | Reached XP level 3. HP: 17/17 MP: 4/4
    73 | D:5      | Noticed a scorpion
    75 | D:5      | Killed a scorpion
    76 | D:5      | Reached XP level 4. HP: 21/21 MP: 5/5
    80 | D:5      | Found a glowing silver altar of Zin.
   235 | D:5      | Found a runed translucent gate.
   235 | D:5      | Found a runed translucent gate.
   236 | D:5      | Found a runed translucent gate.
   387 | D:4      | Noticed a black bear
   389 | D:4      | Reached skill level 8 in Stealth
   389 | D:4      | Reached XP level 5. HP: 24/24 MP: 6/6
   477 | D:4      | Reached skill level 5 in Dodging
   688 | D:3      | Found a shimmering altar of Xom.
   689 | D:3      | Found a hazy altar of Hepliaklqana.
   690 | D:3      | Noticed a spectral ugly thing
   711 | D:3      | Noticed Robin
  1090 | D:1      | Found a faded altar of an unknown god.
  2948 | D:2      | Found Zylid's Weapon Shoppe.
  4671 | D:3      | Gained mutation: You are covered in thick fur. (AC +2)
                  | [Felid growth]
  4671 | D:3      | Reached XP level 6. HP: 25/28 MP: 7/7
  4809 | D:3      | Found a shimmering blue altar of Sif Muna.
  4898 | D:3      | Found a shimmering blue altar of Sif Muna.
  4971 | D:2      | Killed Robin
  5336 | D:3      | Found a shimmering altar of Xom.
  5337 | D:3      | Found a hazy altar of Hepliaklqana.
  5591 | D:4      | Found a broken altar of Ashenzari.
  5796 | D:4      | Found a snail-covered altar of Cheibriados.
  5897 | D:4      | Reached skill level 9 in Stealth
  5901 | D:4      | Learned a level 3 spell: Confusing Touch
  5925 | D:4      | You fall into a shaft and drop 1 floor!
  5942 | D:5      | Reached skill level 1 in Hexes
  6042 | D:5      | Reached XP level 7. HP: 31/31 MP: 8/8
  6990 | D:5      | Noticed tailblues's ghost (novice GnWn)
  7005 | D:5      | Demolished by tailblues's ghost
  7006 | D:5      | Reached XP level 6. HP: -17/28 MP: 7/7
  7035 | D:5      | Killed from afar by tailblues's ghost
  7036 | D:5      | Reached XP level 5. HP: -4/24 MP: 6/6
  7072 | D:6      | Noticed a water moccasin
  7073 | D:6      | Noticed a steam dragon
  7123 | D:5      | Noticed a phantom
  7126 | D:5      | Killed a phantom
  7127 | D:5      | Reached skill level 10 in Stealth
  7127 | D:5      | Reached XP level 6. HP: 28/28 MP: 7/7
  7134 | D:5      | Noticed Eustachio
  7137 | D:5      | Killed Eustachio
  7216 | D:5      | Found an ancient bone altar of Kikubaaqudgha.
  7260 | D:5      | Noticed a troll
  7264 | D:5      | Killed a troll
  7265 | D:5      | Reached XP level 7. HP: 31/31 MP: 8/8
  7552 | D:5      | Mangled by tailblues's ghost

Illustrated notes

Levels and vault maps discovered:
D:1:      wander_arrival_abandoned_jail, layout_loops_corners,
          shapermc_ecumenical_altar_petra
D:2:      layout_basic, serial_shops, shop, grunt_decor_cap, eino_tiny_chamber,
          minmay_stone_trees_large
D:3:      layout_loops_ring, regret_index_temple_of_mockery,
          mainiacjoe_overflow_tiny_flanked, lemuel_old_faithful, uniq_robin
D:4:      layout_basic, evilmike_ruin_ashenzari, slow_altar_1
D:5:      layout_basic, zin_statuary, yredelemnul_altar_generic,
          kennysheep_mini, ebering_ghost_rock_garden, uniq_eustachio
D:6:      layout_rooms

Skill      XL: |  1  2  3  4  5  6  7 |
---------------+----------------------+-----
Dodging        | 3 4 5 8 7 |  8.5
Stealth        | 7 8 10 9 | 10.8
Unarmed Combat | 3 4 |  4.6
Hexes          | 3 4 |  4.0
Fighting       | |  3.0

Action                   |  1- 3 |  4- 6 |  7- 9 || total
-------------------------+-------+-------+-------++-------
Melee: Unarmed           |     6 |   238 |    61 ||   305
       Bite              |       |    24 |     6 ||    30
       Punch             |       |     3 |       ||     3
 Cast: Confusing Touch   |       |       |     3 ||     3
  Use: Potion            |       |     1 |     2 ||     3
 Stab: Sleeping          |     2 |    33 |     4 ||    39
       Distracted        |       |     3 |       ||     3
       Confused          |       |       |     3 ||     3
Armor: Skin              |     1 |     9 |     1 ||    11
Dodge: Dodged            |     3 |   180 |    49 ||   232
